[Event "*** Titled Tuesday Blitz"]
[Site "Chess.com"]
[Date "2020.05.05"]
[Round "4"]
[White "Funkmaus"]
[Black "El_ultimo_Pablo"]
[Result "0-1"]
[WhiteElo "2211"]
[BlackElo "2467"]
[TimeControl "180+1"]
[EndTime "10:43:30 PDT"]
[Termination "El_ultimo_Pablo won by resignation"]

1. d4 Nf6 2. Nf3 d5 3. c4 e6 4.
cxd5 exd5 5. Nc3 c6 6. Bg5 Be7 7. e3 Bf5 8. Bd3 Bxd3 9. Qxd3 Nbd7 10. O-O O-O 11. a3 a5 12. Rab1 Re8 13. b4 axb4 14. axb4 h6 15. Bxf6 Nxf6 16. b5 Bd6 17. Rfc1 Ne4 18.
Ne2 Qd7 19. Ng3 Ra2 20. Rc2 Rea8 21. bxc6 bxc6 22. Ne5 Bxe5 23. dxe5 Nxg3 24. hxg3 Rxc2 25. Qxc2 Qe6 26. Rc1 Rc8 27. f4 g6 28. Qe2 h5 29.
e4 d4 30. Rc5 Rd8 31. Qd3 Qd7 32. f5 Qe7 33. Rxc6 gxf5 34. exf5 Qxe5 35. Qf3 Qe3+ 36. Qxe3 dxe3 37. Kf1 Rd2 38. Rh6 Rf2+ 39. Ke1 Rxf5 40. Ke2 Rg5 41. Kxe3 Kg7 42. Rd6 Rxg3+ 43. Kf2 Rg4 44. Rd3 f6 45. Rd5 Kg6 46. Kf3 Rg5 47.
Rd3 Ra5 48. g3 Kg5 49. Re3 Ra4 50. Rd3 Rb4 51. Re3 Rd4 52. Rc3 f5 53. Ra3 Re4 54. Rc3 Re1 55. Ra3 Rf1+ 56. Kg2 Rb1 57. Kf3 Rb2 58. Rd3 Rb4 59. Rc3 Rb1 60. Rd3 Rh1 61.
Rc3 Kf6 62. Rc6+ Kg5 63. Rc3 h4 64. gxh4+ Rxh4 65. Kg3 Rg4+ 66. Kf3 Ra4 67. Rc8 Ra3+ 68. Kf2 Kg4 69. Rc4+ f4 70. Rc8 Ra2+ 71. Kf1 Kf3 72. Rc3+ Ke4 73. Rc4+ Ke3 74. Rc3+ Kd4 75. Rc8 Rb2 76.
Rd8+ Ke4 77. Rc8 Rd2 78. Rc3 Rd4 79. Ra3 Rd2 80. Rb3 Kf5 81. Ra3 Rb2 82. Rc3 Kg4 83. Ra3 Rc2 84. Rd3 Rh2 85. Ra3 Rh1+ 86. Kg2 Rb1 87.
Rc3 Rb2+ 88. Kf1 Rb4 89. Ra3 Re4 90. Rc3 Re5 91. Ra3 Re4 92. Kf2 Rb4 93. Rc3 Rb2+ 94. Kf1 Ra2 95. Rb3 f3 96. Rc3 Ra1+ 97. Kf2 Ra2+ 98.
Kf1 Kg3 99. Rc1 Rh2 100. Kg1 f2+ 101. Kf1 Rh1+ 0-1

[Event "*** Titled Tuesday Blitz"]
[Site "Chess.com"]
[Date "2020.05.05"]
[Round "4"]
[White "Anuar_Is"]
[Black "harvsp123"]
[Result "1/2-1/2"]
[WhiteElo "2770"]
[BlackElo "2528"]
[TimeControl "180+1"]
[EndTime "10:43:36 PDT"]
[Termination "Game drawn by agreement"]

1. e4 c5 2. Nf3 d6 3. d4 cxd4 4. Nxd4 Nf6 5. Nc3 a6 6. Bg5 e6 7. f4 Nbd7 8. Qe2 Qc7 9. O-O-O b5 10. f5 e5 11. Nd5 Nxd5 12. exd5 Nb6 13. g4 h6 14. Bh4 Qc4 15. Qxc4 Nxc4 16. Re1 Bb7 17. Bg2 Be7 18. f6 Bxf6 19. Bxf6 gxf6 20. Nf5 Kd7 21. Rhf1 Rag8 22. Bf3 Rc8 23. Ng3 Nb6 24. Rd1 Rc4 25.
h3 Ke7 26. Nf5+ Kd7 27. Ne3 Rc5 28. Be4 Ke7 29. b3 h5 30. Rd3 hxg4 31. hxg4 Rh2 32. c3 Rxa2 33. Kb1 Re2 34. Nf5+ Kd7 35. Ng3 Rh2 36.
Rxf6 Bxd5 37. Bxd5 Nxd5 38. Ne4 Nxf6 39. Nxc5+ Ke7 40.
Nxa6 Ne4 41. Nb4 Rg2 42. Nd5+ Kd7 43. Ne3 Rg3 44. c4 bxc4 45. bxc4 Nc5 46. Ra3 Ke6 47. Kc2 Rf3 48. Kd2 Rf4 49. Ke2 Re4 50. Kf3 Rf4+ 51.
Ke2 Ne4 52. Ra6 Ng3+ 53. Kd3 Ne4 54. Ke2 Nc5 55. Ra7 f6 56. Nd5 Rxc4 57. Nc7+ Kd7 58. Nd5+ Kc6 59. Ne7+ Kb6 60. Ra8 Rxg4 61. Nd5+ Kc6 62.
Nxf6 Rf4 63. Ne8 Ne6 64. Ra6+ Kd5 65. Rxd6+ Kc5 66. Rxe6 Re4+ 67. Kf3 Rf4+ 68. Ke3 Rd4 69. Nf6 Rc4 70. Rxe5+ Kb4 71. Ne4 Rc8 72. Re7 Rc1 73. Rb7+ Ka5 74. Kd4 Rh1 75. Kc5 Rc1+ 76. Kd4 Rd1+ 77.
Kc4 Rc1+ 78. Nc3 Ka6 79. Rb2 Rh1 80. Nd5 Rc1+ 81. Kd4 Rd1+ 82. Kc5 Rc1+ 83. Kd6 Ka5 84. Rb8 Ka4 85. Nb6+ Kb3 86. Nd5+ Kc2 87. Ke5 Kd3 88. Rb3+ Kd2 89. Kd4 Rc8 90. Rb2+ Kc1 91. Rh2 Rg8 92. Kc4 Rg4+ 93. Kd3 Rg3+ 94. Ne3 Kb1 95. Kd2 Rg8 96. Kc3 Rc8+ 97. Nc4 Rg8 98. Rh1+ Ka2 99. Rf1 Rg3+ 100. Kb4 Rb3+ 101. Ka4 Rc3 102. Rf2+ Kb1 103. Nd2+ Kc1 104. Nb3+ Kd1 105. Kb4 Rc8 1/2-1/2

[Event "*** Titled Tuesday Blitz"]
[Site "Chess.com"]
[Date "2020.05.05"]
[Round "4"]
[White "lucliasco"]
[Black "sergoy"]
[Result "0-1"]
[WhiteElo "2664"]
[BlackElo "2867"]
[TimeControl "180+1"]
[EndTime "10:43:39 PDT"]
[Termination "sergoy won by resignation"]

1. d4 Nf6 2. Nf3 e6 3. Bf4 d5 4. e3 Bd6 5. Bg3 O-O 6. c3 c5 7. Bd3 Qc7 8. Nbd2 Nbd7 9. Bxd6 Qxd6 10. O-O e5 11. Nxe5 Nxe5 12. dxe5 Qxe5 13. Re1 Bg4 14. Qa4 a6 15. Qf4 Rfe8 16. Qxe5 Rxe5 17. h3 Bd7 18. Rad1 Bc6 19. Nf3 Re7 20. a3 a5 21. Bc2 g6 22.
Nd2 Kg7 23. c4 a4 24. cxd5 Bxd5 25. f3 b5 26. Kf2 b4 27. e4 Be6 28. e5 Nd7 29. f4 Nb6 30. Ne4 Nc4 31. Nxc5 Nxb2 32. Rd4 bxa3 33. Nxe6+ Rxe6 34. Ra1 Rc8 35. Bxa4 Rc3 36.
Kg1 Ra6 37. Bd7 Ra5 38. e6 fxe6 39. Bxe6 Kf6 40. Bg8 h5 41. Rd7 g5 42. fxg5+ Kxg5 43. Rg7+ Kh6 44. Rh7+ Kg6 45. Rb7 Nd3 46. Kh2 Ne5 47.
Bh7+ Kh6 48. Rf1 a2 49. Be4 Ng4+ 50. hxg4 a1=Q 51. Rh7+ Kg5 52. Rxh5+ Kxg4 53. Bf3+ Kf4 54. Rxa1 Rxa1 55. Rh4+ Ke3 56. Rh3 Rcc1 57. Kg3 Rc7 58.
Rh4 Ra5 59. Rg4 Re5 60. Rg6 Rc4 61. Rg4 Rc3 62. Rg6 Rd3 63. Rg4 Rd6 64. Rg8 Rf6 65. Rg4 Ref5 66. Rg7 Kd4 67. Rg4+ Ke5 68. Rg8 Kd6 69.
Rg4 Rf8 70. Rg7 R5f6 71. Rg4 Ke5 72. Re4+ Kd6 73. Rg4 R8f7 74. Rd4+ Ke5 75. Rg4 Rf5 76. Rg6 Rf8 77. Rg4 Kf6 78. Re4 Rg5+ 79. Rg4 Re8 80.
Rxg5 Kxg5 81. Kf2 Kf4 82. g3+ Ke5 83. Be2 Rb8 84. Ke3 Rb3+ 85. Bd3 Ra3 86. g4 Ra4 87. g5 Rg4 88. g6 Rg3+ 89. Kd2 Kd4 90. Bc2 Rg2+ 91. Kc1 Kc3 92. Bd1 Rxg6 93. Bh5 Rg1+ 94. Bd1 Rf1 0-1

[Event "*** Titled Tuesday Blitz"]
[Site "Chess.com"]
[Date "2020.05.05"]
[Round "5"]
[White "RAU4ever"]
[Black "EddieMarsalla"]
[Result "0-1"]
[WhiteElo "2353"]
[BlackElo "2513"]
[TimeControl "180+1"]
[EndTime "10:51:39 PDT"]
[Termination "EddieMarsalla won by resignation"]

1. e4 d5 2. exd5 Qxd5 3. Nc3 Qe5+ 4. Be2 c6 5. Nf3 Qc7 6. d4 Bf5 7. Bg5 e6 8. Qd2 Nd7 9. O-O-O Bd6 10. h3 h6 11. Be3 Ngf6 12. Kb1 Bb4 13. Bf4 Qa5 14. Qe3 Bxc3 15. Qxc3 Qxc3 16. bxc3 Ne4 17. Rdf1 0-1

[Event "*** Titled Tuesday Blitz"]
[Site "Chess.com"]
[Date "2020.05.05"]
[Round "5"]
[White "spidernv"]
[Black "MarcoCorvi"]
[Result "0-1"]
[WhiteElo "2447"]
[BlackElo "2249"]
[TimeControl "180+1"]
[EndTime "10:51:57 PDT"]
[Termination "MarcoCorvi won by resignation"]

1. e4 c5 2. Nc3 g6 3. g3 Bg7 4. Bg2 Nc6 5. d3 d6 6. f4 Nf6 7. Nf3 Bg4 8. O-O O-O 9. Be3 Nd4 10. Rb1 Rb8 11. Qd2 Bxf3 12. Bxf3 Nxf3+ 13. Rxf3 Ng4 14. Ne2 Nxe3 15. Qxe3 b5 16. c3 b4 17. d4 bxc3 18.
Qxc3 cxd4 19. Nxd4 Qb6 20. Rd1 e5 0-1

[Event "*** Titled Tuesday Blitz"]
[Site "Chess.com"]
[Date "2020.05.05"]
[Round "5"]
[White "ecwinslow"]
[Black "CarlssonLudvig"]
[Result "0-1"]
[WhiteElo "2231"]
[BlackElo "2453"]
[TimeControl "180+1"]
[EndTime "10:52:03 PDT"]
[Termination "CarlssonLudvig won by resignation"]

1. e4 e5 2. Nf3 Nc6 3. d4 exd4 4. Nxd4 Nf6 5. Nxc6 bxc6 6. e5 Qe7 7. Qe2 Nd5 8.
c4 Ba6 9. Nd2 g6 10. Nf3 Qb4+ 11. Qd2 Bxc4 12. Bxc4 Qxc4 13. b3 Qa6 14. Bb2 0-1

[Event "*** Titled Tuesday Blitz"]
[Site "Chess.com"]
[Date "2020.05.05"]
[Round "5"]
[White "NotFischer"]
[Black "lucasmito"]
[Result "0-1"]
[WhiteElo "2153"]
[BlackElo "2428"]
[TimeControl "180+1"]
[EndTime "10:52:15 PDT"]
[Termination "lucasmito won by checkmate"]

1. d4 d5 2. Nf3 Nf6 3. g3 e6 4.
Bg2 Be7 5. O-O O-O 6. c4 dxc4 7.
Ne5 Nc6 8. Nxc6 bxc6 9. Bxc6 Rb8 10. Nd2 Qxd4 11. Nf3 Qc5 12. Ba4 Bb7 13. Be3 Qh5 14. Re1 Ng4 15. Bf4 Bxf3 16. exf3 Qxh2+ 17. Kf1 Qxf2# 0-1

[Event "*** Titled Tuesday Blitz"]
[Site "Chess.com"]
[Date "2020.05.05"]
[Round "5"]
[White "Blitzking642"]
[Black "Bastiandash"]
[Result "1-0"]
[WhiteElo "2307"]
[BlackElo "2095"]
[TimeControl "180+1"]
[EndTime "10:52:25 PDT"]
[Termination "Blitzking642 won by resignation"]

1. e4 c5 2. Nc3 e6 3. g3 a6 4. Bg2 b5 5. d3 Bb7 6. Nh3 Nf6 7. f4 d5 8. e5 Nfd7 9. O-O Nc6 10. f5 Ndxe5 11.
fxe6 fxe6 12. Ng5 Qa5 13. Nxe6 Ne7 14. Bf4 1-0

[Event "*** Titled Tuesday Blitz"]
[Site "Chess.com"]
[Date "2020.05.05"]
[Round "5"]
[White "HaryKane"]
[Black "CastleOasisChess"]
[Result "1-0"]
[WhiteElo "2599"]
[BlackElo "2138"]
[TimeControl "180+1"]
[EndTime "10:52:30 PDT"]
[Termination "HaryKane won by resignation"]

1. e4 e6 2. d4 d5 3. Nd2 c6 4.
Ngf3 f5 5. exf5 exf5 6. Bd3 Bd6 7. O-O Nf6 8. Ne5 O-O 9. Ndf3 Ne4 10. c4 Be6 11. Qb3 Nd7 12. Qxb7 Bxe5 13. Qxc6 Bd6 14. Bxe4 fxe4 15. Qxd6 Nb6 16. Qxe6+ 1-0

[Event "*** Titled Tuesday Blitz"]
[Site "Chess.com"]
[Date "2020.05.05"]
[Round "5"]
[White "konradrutkowski"]
[Black "Saloni1299"]
[Result "1-0"]
[WhiteElo "2189"]
[BlackElo "2330"]
[TimeControl "180+1"]
[EndTime "10:52:38 PDT"]
[Termination "konradrutkowski won by checkmate"]

1. e4 e6 2. d4 d5 3. Nc3 Bb4 4. Ne2 dxe4 5. a3 Bxc3+ 6. Nxc3 Nf6 7. Bg5 Nc6 8. Bb5 O-O 9. Nxe4 Qxd4 10. Bxc6 Qxd1+ 11. Rxd1 bxc6 12. Nxf6+ gxf6 13. Bxf6 Rb8 14. Rd3 Ba6 15.
Rg3# 1-0

[Event "*** Titled Tuesday Blitz"]
[Site "Chess.com"]
[Date "2020.05.05"]
[Round "5"]
[White "yoolund"]
[Black "Mikozovna"]
[Result "1-0"]
[WhiteElo "2560"]
[BlackElo "2253"]
[TimeControl "180+1"]
[EndTime "10:52:46 PDT"]
[Termination "yoolund won by checkmate"]

1. d4 Nf6 2. Bg5 d5 3. Bxf6 gxf6 4. e3 c5 5. c4 e6 6. cxd5 Qxd5 7. Nc3 Qd8 8. Bb5+ Bd7 9. d5 Bxb5 10. Nxb5 Qa5+ 11. Nc3 Nd7 12. dxe6 fxe6 13. Qh5+ Kd8 14.
Ne2 Kc7 15. Nf4 Qa6 16. Qf7 Bd6 17. Nxe6+ Kc6 18. O-O-O Rhe8 19. Rxd6+ Kxd6 20. Rd1+ Ke5 21. f4+ Kf5 22. Ng7+ Kg4 23. Qh5# 1-0

[Event "*** Titled Tuesday Blitz"]
[Site "Chess.com"]
[Date "2020.05.05"]
[Round "5"]
[White "vangulio"]
[Black "Manukyan_Artak"]
[Result "1-0"]
[WhiteElo "2527"]
[BlackElo "2348"]
[TimeControl "180+1"]
[EndTime "10:52:52 PDT"]
[Termination "vangulio won by resignation"]

1. e4 c5 2. Nf3 a6 3. g3 e6 4. Bg2 d5 5. exd5 exd5 6. O-O Be7 7. d4 c4 8. b3 cxb3 9. axb3 Nf6 10. c4 O-O 11. Nc3 Nc6 12. Ne5 dxc4 13. Nxc6 bxc6 14. bxc4 Bb7 15. Rb1 Qc8 16. Re1 Re8 17. Na4 Qf5 18.
Rxb7 Rac8 19. Rbxe7 1-0

[Event "*** Titled Tuesday Blitz"]
[Site "Chess.com"]
[Date "2020.05.05"]
[Round "5"]
[White "m_ezat"]
[Black "ShadowJolteon"]
[Result "1-0"]
[WhiteElo "2472"]
[BlackElo "2257"]
[TimeControl "180+1"]
[EndTime "10:52:54 PDT"]
[Termination "m_ezat won by resignation"]

1. d4 Nf6 2. c4 e6 3. Nc3 Bb4 4.
e3 b6 5. a3 Bxc3+ 6. bxc3 Nc6 7. Bd3 Ba6 8. Ne2 Na5 9. e4 c5 10. Bg5 h6 11. Bh4 g5 12. Bg3 Rc8 13. d5 Bxc4 14.
O-O Bxd3 15. Qxd3 d6 16. dxe6 fxe6 17. e5 dxe5 18. Qg6+ Ke7 19. Bxe5 Qf8 20. Rad1 Nc4 21. Bxf6+ Qxf6 22. Rd7+ 1-0

[Event "*** Titled Tuesday Blitz"]
[Site "Chess.com"]
[Date "2020.05.05"]
[Round "5"]
[White "binbin239"]
[Black "Rozum_Ivan"]
[Result "0-1"]
[WhiteElo "2436"]
[BlackElo "2696"]
[TimeControl "180+1"]
[EndTime "10:52:55 PDT"]
[Termination "Rozum_Ivan won by resignation"]

1. d4 Nf6 2. c4 e6 3. Nf3 Bb4+ 4. Bd2 Bxd2+ 5. Nbxd2 O-O 6. g3 d6 7. Bg2 Nc6 8. O-O e5 9. dxe5 dxe5 10. Nb3 Qe7 11. Qc2 a5 12. a3 a4 13. Nbd2 e4 14. Ng5 Nd4 15. Qd1 e3 16. Nde4 Rd8 17. Kh1 Nxe4 18. Nxe4 Bf5 19. fxe3 Nb3 20. Qb1 Nd2 21. Qc2 Bxe4 0-1

[Event "*** Titled Tuesday Blitz"]
[Site "Chess.com"]
[Date "2020.05.05"]
[Round "5"]
[White "WinningButNotReally"]
[Black "lucliasco"]
[Result "0-1"]
[WhiteElo "2451"]
[BlackElo "2668"]
[TimeControl "180+1"]
[EndTime "10:52:59 PDT"]
[Termination "lucliasco won by resignation"]

1. Nf3 d5 2. g3 Bg4 3. Ne5 Bf5 4.
d4 e6 5. Bg2 Nf6 6. O-O Be7 7.
c4 O-O 8. Nc3 c6 9. f3 h6 10. e4 Bh7 11. Re1 Nbd7 12. Nxd7 Qxd7 13. e5 Ne8 14. Qb3 Nc7 15. cxd5 Nxd5 16. Ne4 b6 17. a3 Rac8 0-1

[Event "*** Titled Tuesday Blitz"]
[Site "Chess.com"]
[Date "2020.05.05"]
[Round "5"]
[White "Budisavljevic"]
[Black "crackcubano"]
[Result "0-1"]
[WhiteElo "2388"]
[BlackElo "2610"]
[TimeControl "180+1"]
[EndTime "10:53:04 PDT"]
[Termination "crackcubano won by resignation"]

1. d4 Nf6 2. Nf3 e6 3. Bf4 c5 4.
e3 d5 5. Nbd2 Nc6 6. c3 cxd4 7. exd4 Nh5 8. Be3 g6 9. g4 Nf6 10. h3 h5 11. g5 Nd7 12. Bd3 Bg7 13. Qe2 O-O 14. Bf4 e5 15. dxe5 Ndxe5 16. Nxe5 Nxe5 17.
O-O-O Nxd3+ 18. Qxd3 Bf5 19. Qg3 Qa5 20. a3 Qa4 0-1

[Event "*** Titled Tuesday Blitz"]
[Site "Chess.com"]
[Date "2020.05.05"]
[Round "5"]
[White "Lubov_Gordyk"]
[Black "StockholmMissile"]
[Result "1-0"]
[WhiteElo "2635"]
[BlackElo "2410"]
[TimeControl "180+1"]
[EndTime "10:53:28 PDT"]
[Termination "Lubov_Gordyk won by resignation"]

1. e4 e5 2. Nf3 Nc6 3. Nc3 Nf6 4. d4 exd4 5. Nxd4 Bc5 6. Be3 Bb6 7. Qd2 O-O 8.
O-O-O d6 9. f3 Re8 10. g4 Nd7 11. h4 Nde5 12. Be2 Nxd4 13. Bxd4 Nc6 14. Be3 Be6 15. g5 Ne5 16. Rhg1 Nc4 17. Bxc4 Bxc4 18. h5 Qe7 19. h6 g6 20. Bxb6 axb6 21. Qd4 1-0

[Event "*** Titled Tuesday Blitz"]
[Site "Chess.com"]
[Date "2020.05.05"]
[Round "5"]
[White "smshk35"]
[Black "SirMittensofMittensville"]
[Result "0-1"]
[WhiteElo "2391"]
[BlackElo "2671"]
[TimeControl "180+1"]
[EndTime "10:53:40 PDT"]
[Termination "SirMittensofMittensville won by resignation"]

1. e4 e5 2. Nf3 Nc6 3. d4 exd4 4.
Nxd4 Bb4+ 5. c3 Bc5 6. Nb3 Bb6 7. Qe2 d6 8. Be3 Nf6 9. N1d2 O-O 10. O-O-O Re8 11.
f3 d5 12. Bxb6 axb6 13. Kb1 Bf5 14. g4 Bg6 15. g5 dxe4 16. Nxe4 Nxe4 17. Rxd8 Nxc3+ 18. Kc1 Nxa2+ 19. Kd2 Raxd8+ 20. Ke1 Rxe2+ 21. Kxe2 0-1

[Event "*** Titled Tuesday Blitz"]
[Site "Chess.com"]
[Date "2020.05.05"]
[Round "5"]
[White "Stronger1799"]
[Black "Walter_White_Poland"]
[Result "1-0"]
[WhiteElo "2125"]
[BlackElo "2154"]
[TimeControl "180+1"]
[EndTime "10:53:42 PDT"]
[Termination "Stronger1799 won by resignation"]

1. e4 e5 2. Nf3 Nc6 3. Bb5 a6 4. Ba4 Nf6 5. d4 exd4 6. O-O Be7 7. e5 Ne4 8. Nxd4 Nxd4 9. Qxd4 Nc5 10. Nc3 O-O 11. Bg5 Nxa4 12. Bxe7 Nxc3 13. Qh4 Ne2+ 14. Kh1 Qe8 15. Rae1 Nc3 16. bxc3 b5 17. Re3 Bb7 18. Rh3 h6 19. Rg3 f5 20. exf6 Rf7 21. Qxh6 1-0

[Event "*** Titled Tuesday Blitz"]
[Site "Chess.com"]
[Date "2020.05.05"]
[Round "5"]
[White "mamey78"]
[Black "Colombiano07"]
[Result "1-0"]
[WhiteElo "2334"]
[BlackElo "2159"]
[TimeControl "180+1"]
[EndTime "10:53:48 PDT"]
[Termination "mamey78 won by resignation"]

1. e4 e6 2. d4 d5 3. Nd2 c5 4. exd5 Qxd5 5. dxc5 Nc6 6. Ngf3 Bxc5 7. Bc4 Qd7 8. O-O Nf6 9. c3 O-O 10. Qe2 a6 11. Ne4 Nxe4 12. Qxe4 b5 13. Bb3 Bb7 14. Ng5 g6 15. Nxe6 1-0

[Event "*** Titled Tuesday Blitz"]
[Site "Chess.com"]
[Date "2020.05.05"]
[Round "5"]
[White "Gennady_Kozlov"]
[Black "Igrok3069"]
[Result "0-1"]
[WhiteElo "2584"]
[BlackElo "2774"]
[TimeControl "180+1"]
[EndTime "10:53:51 PDT"]
[Termination "Igrok3069 won by resignation"]

1. b3 e5 2. Bb2 Nc6 3. e3 g6 4.
f4 Bg7 5. Nf3 d6 6. Bb5 Ne7 7.
fxe5 O-O 8. O-O dxe5 9. e4 Bg4 10. Nc3 Nd4 11. Be2 Nxe2+ 12. Nxe2 Nc6 13. h3 Bxf3 14. Rxf3 f5 15. Ng3 f4 16. Ne2 g5 17. c3 Qe8 18.
Qc2 h5 19. d4 g4 20. Rf2 Qg6 21. d5 Ne7 22. Kh1 Nxd5 23. c4 Ne3 24. Qc1 Rad8 25. g3 Qxe4+ 26. Kh2 fxg3+ 0-1

[Event "*** Titled Tuesday Blitz"]
[Site "Chess.com"]
[Date "2020.05.05"]
[Round "5"]
[White "r31415"]
[Black "GigaQuparadze"]
[Result "0-1"]
[WhiteElo "2414"]
[BlackElo "2827"]
[TimeControl "180+1"]
[EndTime "10:54:07 PDT"]
[Termination "GigaQuparadze won by resignation"]

1. e4 c5 2. Nf3 Nc6 3. d4 cxd4 4. Nxd4 Qc7 5. c4 e6 6. Nc3 a6 7. a3 Nf6 8. Nc2 Bc5 9. Bd3 Ne5 10. O-O Neg4 11. g3 h5 12. b4 Ba7 13. Bf4 d6 14. Qe2 h4 15. Rac1 hxg3 16. hxg3 Nh2 17. Rfd1 e5 18.
Nd5 Qd8 19. Kg2 Bg4 20. Qd2 Bf3+ 21. Kg1 Nhg4 0-1

[Event "*** Titled Tuesday Blitz"]
[Site "Chess.com"]
[Date "2020.05.05"]
[Round "5"]
[White "aa175"]
[Black "Islamovqaasim"]
[Result "1-0"]
[WhiteElo "2405"]
[BlackElo "2056"]
[TimeControl "180+1"]
[EndTime "10:54:07 PDT"]
[Termination "aa175 won by resignation"]

1. d4 Nf6 2. Nf3 e6 3. Bf4 b6 4. e3 Bb7 5. Nbd2 c5 6. Nc4 cxd4 7. exd4 d5 8. Nce5 a6 9. Ng5 Ne4 10. Ngxf7 Qf6 11. Bg3 Bb4+ 12. c3 Nxc3 13. bxc3 Bxc3+ 14. Ke2 O-O 15. Rc1 Bb4 16. Rc7 Ra7 17. Ng4 Qf5 18.
Ngh6+ gxh6 19. Nxh6+ Kh8 20. Nxf5 Rxf5 21. Be5+ Kg8 22.
Qb3 a5 23. Qg3+ Kf8 24. Bd6+ Ke8 25. Qg8+ 1-0

[Event "*** Titled Tuesday Blitz"]
[Site "Chess.com"]
[Date "2020.05.05"]
[Round "5"]
[White "Stormeman100100"]
[Black "Volovier"]
[Result "0-1"]
[WhiteElo "2532"]
[BlackElo "2717"]
[TimeControl "180+1"]
[EndTime "10:54:08 PDT"]
[Termination "Volovier won by resignation"]

1. e4 d5 2. exd5 Qxd5 3. Nc3 Qa5 4. d4 Nc6 5. d5 Nb4 6. Bc4 Bf5 7. Bb3 e6 8. Bd2 c6 9. dxe6 Bxe6 10. a3 Qe5+ 11.
Qe2 Qxe2+ 12. Kxe2 Bxb3 13. cxb3 Nc2 14. Rd1 Nd4+ 15.
Kd3 O-O-O 16. Nge2 Nxb3+ 17. Kc2 Nxd2 18. Rxd2 Rxd2+ 19.
Kxd2 Nf6 20. Nd4 Bc5 21. Nf5 Rd8+ 22. Kc2 g6 23. Ne3 Bxe3 24. fxe3 Ng4 25. Nd1 Rxd1 26. Kxd1 Nf2+ 0-1

[Event "*** Titled Tuesday Blitz"]
[Site "Chess.com"]
[Date "2020.05.05"]
[Round "5"]
[White "ChronicUnhappiness"]
[Black "Noam_Vitenberg"]
[Result "0-1"]
[WhiteElo "2305"]
[BlackElo "2488"]
[TimeControl "180+1"]
[EndTime "10:54:08 PDT"]
[Termination "Noam_Vitenberg won by resignation"]

1. c4 e6 2. Nf3 d5 3. g3 dxc4 4. Bg2 Nd7 5. Qa4 a6 6. Qxc4 b5 7. Qb3 Bb7 8. O-O Ngf6 9. a4 Nc5 10. Qc2 Nxa4 11. Rxa4 bxa4 12. Nc3 Be7 13. Nxa4 O-O 14. d3 Nd7 15. Bf4 c5 16. Rc1 Rc8 17. h4 Qa5 18. b3 Rfd8 19. h5 h6 20. e4 Nf6 21.
Bd2 Qb5 22. Nc3 Qxd3 0-1

[Event "*** Titled Tuesday Blitz"]
[Site "Chess.com"]
[Date "2020.05.05"]
[Round "5"]
[White "JozefKneht"]
[Black "Piotrek1979"]
[Result "1-0"]
[WhiteElo "2475"]
[BlackElo "2284"]
[TimeControl "180+1"]
[EndTime "10:54:09 PDT"]
[Termination "JozefKneht won by resignation"]

1. e4 c6 2. d4 d5 3. Nc3 dxe4 4.
Nxe4 Bf5 5. Ng3 Bg6 6. h4 h6 7. Nf3 Nd7 8. h5 Bh7 9. Bd3 Bxd3 10. Qxd3 e6 11. Bf4 Ngf6 12. O-O-O Nd5 13. Bd2 a5 14. Ne5 Nxe5 15. dxe5 Nb4 16. Qxd8+ Rxd8 17. a3 Nd5 18. Bxa5 Ra8 19. Bd2 b5 20. Ne4 c5 21. Kb1 Kd7 22. Rc1 c4 23. Nc3 Kc6 24. Nxd5 Kxd5 25. f4 Bc5 26.
Rcd1 Ke4 27. Rde1+ Kf5 28. Rh4 1-0

[Event "*** Titled Tuesday Blitz"]
[Site "Chess.com"]
[Date "2020.05.05"]
[Round "5"]
[White "blitzking1729"]
[Black "Akhayan"]
[Result "1-0"]
[WhiteElo "2493"]
[BlackElo "2318"]
[TimeControl "180+1"]
[EndTime "10:54:10 PDT"]
[Termination "blitzking1729 won by resignation"]

1. Nf3 Nf6 2. g3 e6 3. Bg2 d5 4.
O-O Be7 5. d3 O-O 6. Nbd2 c5 7.
e4 Nc6 8. Re1 a5 9. e5 Nd7 10.
Nf1 b5 11. h4 Qc7 12. Bf4 Nd4 13. Nxd4 cxd4 14. Nh2 a4 15. a3 b4 16. h5 b3 17.
cxb3 Nc5 18. bxa4 Nxa4 19. Qd2 Qb6 20. b4 Bd7 21. h6 g6 22. Bg5 Qd8 23. Bxe7 Qxe7 24.
Nf3 Nc3 25. Nxd4 Nb5 26. Nxb5 Bxb5 27. Rec1 Rfc8 28. Rxc8+ Rxc8 29. a4 Be8 30. b5 Qc5 31. d4 Qb6 32. Bf1 Ra8 33. a5 Qb7 34. Qg5 1-0

[Event "*** Titled Tuesday Blitz"]
[Site "Chess.com"]
[Date "2020.05.05"]
[Round "5"]
[White "Nikolaj_6"]
[Black "Khamrakulov_Djurabek"]
[Result "1-0"]
[WhiteElo "2621"]
[BlackElo "2805"]
[TimeControl "180+1"]
[EndTime "10:54:11 PDT"]
[Termination "Nikolaj_6 won by resignation"]

1. e4 c6 2. d4 d5 3. e5 Bf5 4. h4 h6 5. g4 Be4 6. f3 Bh7 7.
e6 Qd6 8. exf7+ Kxf7 9. f4 Nf6 10.
Nc3 Qe6+ 11. Be2 Nxg4 12. Nf3 Ne3 13. Bxe3 Qxe3 14. Ne5+ Ke6 15. Qd2 Qxd2+ 16. Kxd2 Bf5 17. Bd3 Bxd3 18. Kxd3 Nd7 19. f5+ Kxf5 20. Nxd7 h5 21. Ne5 Rh6 22. Rhf1+ Ke6 23. Rae1 1-0

[Event "*** Titled Tuesday Blitz"]
[Site "Chess.com"]
[Date "2020.05.05"]
[Round "5"]
[White "GMJustin"]
[Black "TengisChess"]
[Result "0-1"]
[WhiteElo "2376"]
[BlackElo "2536"]
[TimeControl "180+1"]
[EndTime "10:54:11 PDT"]
[Termination "TengisChess won on time"]

1. d4 Nf6 2. c4 g6 3. Nc3 Bg7 4. e4 O-O 5. Bg5 c5 6. d5 d6 7. Qd2 Na6 8. Bd3 Rb8 9. Nge2 Nc7 10. O-O a6 11. a4 Bd7 12. f4 b5 13. axb5 axb5 14. e5 Nfe8 15. Ne4 Bf5 16. N2g3 bxc4 17. Bxc4 Bxe4 18. Nxe4 dxe5 19. f5 Nd6 20. Nxc5 Nxc4 0-1

[Event "*** Titled Tuesday Blitz"]
[Site "Chess.com"]
[Date "2020.05.05"]
[Round "5"]
[White "Petrosyan_Tigran"]
[Black "Maghalashvili"]
[Result "0-1"]
[WhiteElo "2537"]
[BlackElo "2813"]
[TimeControl "180+1"]
[EndTime "10:54:13 PDT"]
[Termination "Maghalashvili won by resignation"]

1. Nf3 c5 2. c4 g6 3. d4 Bg7 4. e4 cxd4 5. Nxd4 Nc6 6. Be3 Nf6 7. Nc3 O-O 8. Be2 b6 9. O-O Bb7 10. f3 Rc8 11. Rc1 e6 12. Ndb5 d5 13. cxd5 exd5 14. exd5 Nb4 15. Nxa7 Nfxd5 16. Nxd5 Rxc1 17. Qxc1 Nxd5 18.
Bf2 Be5 19. Nb5 Nf4 20. Bc4 Qg5 21. Bg3 Rc8 22. Bxf4 Bxf4 23. Qc3 Qc5+ 24. Kh1 Qxc4 0-1

[Event "*** Titled Tuesday Blitz"]
[Site "Chess.com"]
[Date "2020.05.05"]
[Round "5"]
[White "VNeimer"]
[Black "Anuar_Is"]
[Result "0-1"]
[WhiteElo "2510"]
[BlackElo "2773"]
[TimeControl "180+1"]
[EndTime "10:54:16 PDT"]
[Termination "Anuar_Is won by resignation"]

1. d4 Nf6 2. Nf3 g6 3. g3 Bg7 4. Bg2 O-O 5. O-O d6 6. c4 Nbd7 7. Nc3 e5 8. b3 Re8 9. e4 exd4 10. Nxd4 Nc5 11. Re1 Bd7 12. Bb2 a5 13. h3 Re5 14.
Nd5 Nfxe4 15. Nb5 Rxd5 16. cxd5 Bxb2 17. Rb1 Bg7 18. Bxe4 Bxb5 19. Bg2 Qf6 20. b4 axb4 21. Rxb4 Rxa2 22. f4 Bd7 23. Qb1 Ra8 24. Kh2 h5 0-1

[Event "*** Titled Tuesday Blitz"]
[Site "Chess.com"]
[Date "2020.05.05"]
[Round "5"]
[White "TERMINATOR_PC"]
[Black "tigra"]
[Result "0-1"]
[WhiteElo "2466"]
[BlackElo "2800"]
[TimeControl "180+1"]
[EndTime "10:54:18 PDT"]
[Termination "tigra won by resignation"]

1. e4 c5 2. Nc3 Nc6 3. g3 g6 4.
Bg2 Bg7 5. d3 e6 6. Be3 d6 7. Qd2 Rb8 8. Nge2 b5 9. O-O b4 10.
Nd1 a5 11. f4 Nge7 12. f5 exf5 13. Bh6 O-O 14. Bxg7 Kxg7 15. exf5 Bxf5 16. Rxf5 gxf5 17. Bxc6 Nxc6 18. Ne3 Qf6 19. Rf1 Kh8 20. Nxf5 Rbe8 21.
c3 bxc3 22. bxc3 Re5 23. g4 Rg8 24. h3 Rxf5 0-1